AoeStats
← mackie3010

Arena

509774693Analyzed
1v1 RM · 4d ago on Sep 28, 2026· 55m 55s· 2 players
Game mode
Random Map
Map size
Tiny (2 player)
Population
200
Speed
Normal
Resources
Standard
Victory
Conquest
Starting age
Dark Age
Ending age
Imperial Age
RankedLock teamsTeams togetherTeam positionsShared explorationLock speedFull tech treeHidden civsTurbo modeCheats
Victory
Defeat
🇺🇸 Teutons · United States
225
+15
🇨🇦 Burgundians · Canada
207
-15
NateWheeler
6:55 Horse Collar
11:58 Feudal Age
11:35 Double-Bit Axe
21:27 Heavy Plow
22:12 Bow Saw
26:28 Castle Age
24:44 Scale Barding Armor
24:50 Forging
25:48 Gold Mining
25:52 Stone Mining
26:46 Light Cavalry
27:26 Husbandry
28:35 Two-Man Saw
28:34 Cavalier
44:42 Imperial Age
43:15 Wheelbarrow
42:31 Loom
43:12 Chain Barding Armor
43:30 Crop Rotation
48:05 Paladin
48:05 Hussar
mackie3010
16:15 Feudal Age
14:30 Loom
17:53 Double-Bit Axe
17:52 Horse Collar
19:22 Fletching
19:43 Forging
22:57 Castle Age
21:33 Wheelbarrow
20:44 Town Watch
24:27 Bow Saw
24:20 Heavy Plow
25:01 Elite Skirmisher
25:41 Elite Skirmisher
26:32 Padded Archer Armor
27:52 Hand Cart
28:15 Bodkin Arrow
32:42 Bloodlines
32:42 Scale Barding Armor
33:14 Iron Casting
32:04 Pikeman
32:47 Squires
36:45 Imperial Age
35:01 Stone Mining
38:15 Hoardings
39:14 Conscription
38:52 Gold Mining
39:38 Stone Shaft Mining
39:44 Halberdier
40:10 Arson
41:32 Blast Furnace
40:54 Chain Barding Armor
45:06 Crop Rotation
44:41 Man-at-Arms
46:04 Crenellations
45:27 Cavalier
50:01 Paladin
55:18 Plate Barding Armor
54:44 Scale Mail Armor
55:00 Leather Archer Armor
55:29 Town Patrol
Connection lost

Rejoining the realm…

Still unreachable

The connection could not be restored.

Session expired

The server has moved on; the page needs a fresh start.